 Dungeon Crawl Stone Soup version 0.31-a0-986-g5e6e4ef867 (webtiles) character file.

Game seed: 3267062532199373864

7888 pokeman the Thaumaturge (level 11, -8/61 HPs)
             Began as a Deep Elf Hedge Wizard on Nov 4, 2023.
             Was a Follower of Vehumet.
             Mangled by a boulder beetle (45 damage)
             ... on level 10 of the Dungeon.
             The game lasted 00:23:08 (10590 turns).

pokeman the Thaumaturge (Deep Elf Hedge Wizard)    Turns: 10590, Time: 00:23:09

Health: -8/61      AC: 17    Str:  7    XL:     11   Next: 2%
Magic:  16/31      EV: 12    Int: 24    God:    Vehumet [*.....]
Gold:   624        SH:  0    Dex: 14    Spells: 30/38 levels left

rFire   + . .        n - +2 dagger (venom)
rCold   . . .        (no shield)
rNeg    . . .        I - +2 leather armour {rF+}
rPois   .            D - +0 helmet
rElec   .            G - +2 cloak
rCorr   .            S - +2 pair of gloves
SInv    .            (no boots)
Will    ++...        q - amulet of regeneration
Stlth   ++           h - ring of willpower
HPRegen 1.10/turn    s - +4 ring of protection
MPRegen 0.22/turn

%: no passive effects
@: very slightly contaminated
A: no striking features
a: Renounce Religion


You were on level 10 of the Dungeon.
You worshipped Vehumet.
Vehumet was aware of your devotion.
You visited 2 branches of the dungeon, and saw 11 of its levels.

You collected 624 gold pieces.

Inventory:

Hand Weapons
 n - a +2 dagger of venom (weapon)
 F - a +4 quarterstaff of chaos
 O - the +1 mace "Xona" {heavy, rC+ Str+2}
   (You found it on level 8 of the Dungeon)

   Str+2:     It affects your strength (+2).
   rC+:       It protects you from cold.
Missiles
 z - 3 throwing nets
Armour
 v - the +4 ring mail of Kaciodd {+Blink rF+}
   (You found it on level 5 of the Dungeon)

   rF+:       It protects you from fire.
   +Blink:    It lets you blink.
 D - a +0 helmet (worn)
 G - a +2 cloak (worn)
 I - a +2 leather armour of fire resistance (worn)
 Q - a +0 buckler
 S - a +2 pair of gloves (worn)
Magical Staves
 b - a staff of fire
 k - a staff of cold
 l - a staff of earth
Jewellery
 h - a ring of willpower (left hand)
 q - an amulet of regeneration (around neck)
 s - a +4 ring of protection (right hand)
 A - a ring of protection from fire
Wands
 H - a wand of flame (11)
 N - a wand of charming (9)
 P - a wand of mindburst (8)
 R - a wand of polymorph (7)
 T - a wand of digging (5)
 U - a wand of iceblast (4)
Scrolls
 a - 4 scrolls of vulnerability {unknown}
 c - 2 scrolls of butterflies {unknown}
 m - 8 scrolls of identify {unknown}
 r - a scroll of enchant armour {unknown}
 t - a scroll of acquirement {unknown}
 u - a scroll of immolation {unknown}
 w - 3 scrolls of noise {unknown}
 y - 3 scrolls of teleportation {unknown}
 B - 3 scrolls of amnesia {unknown}
 E - 2 scrolls of enchant weapon {unknown}
 J - a scroll of revelation {unknown}
 K - 3 scrolls of blinking {unknown}
 L - a scroll of torment {unknown}
 M - 2 scrolls of fear {unknown}
Potions
 d - a potion of magic
 e - 2 potions of attraction {unknown}
 f - 2 potions of lignification {unknown}
 g - 2 potions of ambrosia {unknown}
 i - 3 potions of curing {unknown}
 j - 3 potions of enlightenment {unknown}
 o - 2 potions of brilliance {unknown}
 p - 2 potions of haste {unknown}
 x - a potion of degeneration {unknown}
 C - a potion of berserk rage {unknown}


   Skills:
 - Level 4.0 Fighting
 - Level 4.0 Armour
 - Level 3.2 Dodging
 - Level 3.3 Stealth
 + Level 1.0 Shields
 * Level 14.4 Spellcasting
 + Level 8.3 Conjurations
 - Level 1.1 Summonings
 - Level 1.1 Translocations
 + Level 5.7 Fire Magic
 - Level 1.0 Ice Magic
 - Level 1.0 Air Magic
 - Level 5.0 Earth Magic
 - Level 1.0 Poison Magic
 - Level 1.0 Evocations


You had 30 spell levels left.
You knew the following spells:

 Your Spells              Type           Power      Damage    Failure   Level
a - Magic Dart            Conj           100%       1d8       1%          1
b - Mephitic Cloud        Conj/Pois/Air  33%        N/A       3%          3
c - Call Imp              Summ           44%        N/A       4%          2
d - Blink                 Tloc           44%        N/A       4%          2

Your spell library contained the following spells:

 Spells                   Type           Power      Damage    Failure   Level
 Sandblast                Erth           82%        2d17      1%          1
 Summon Small Mammal      Summ           88%        N/A       3%          1
 Necrotise                Necr           68%        1d7       4%          1
 Slow                     Hex            68%        N/A       4%          1
 Cigotuvi's Dreadful Rot  Necr/Pois/Air  40%        N/A       5%          2
 Call Canine Familiar     Summ           22%        N/A       10%         3
 Ozocubu's Armour         Ice            22%        N/A       10%         3
 Summon Guardian Golem    Hex/Summ       19%        N/A       12%         3
 Vampiric Draining        Necr           17%        2d7       14%         3
 Metabolic Englaciation   Hex/Ice        9%         N/A       73%         5
 Agony                    Necr           17%        N/A       80%         5
 Simulacrum               Ice/Necr       9%         N/A       99%         6


Dungeon Overview and Level Annotations

Branches:
Dungeon (10/15)            Temple (1/1) D:7            Lair (0/5) D:8
    Orc (0/2) D:10

Altars:
Ashenzari
Cheibriados
Dithmenos
Elyvilon
Fedhas
Gozag
Hepliaklqana
Kikubaaqudgha
Makhleb
Nemelex Xobeh
Okawaru
Qazlal
Ru
Sif Muna
Trog
Uskayaw
Vehumet
Wu Jian
Zin
The Shining One

Annotations:
D:8 2 transporters, GigaChad's ghost, novice HuFi


Message History

The boulder beetle is lightly wounded.
The stinking cloud engulfs your cerulean imp but does no damage.
The boulder beetle is engulfed in noxious fumes.
The boulder beetle appears confused.
Your cerulean imp hits the boulder beetle but does no damage.
Unknown command.
The boulder beetle is engulfed in noxious fumes.
Your cerulean imp hits the boulder beetle but does no damage.
Aiming: Mindburst
Press: ? - help, Shift-Dir - straight line, f/p - boulder beetle
Aim: a boulder beetle (noxious fumes, lightly wounded, confused, poisoned, ally target, chance to affect: 51%)
The boulder beetle's mind is blasted!
The boulder beetle is engulfed in noxious fumes.
Unknown command.
Aiming: Mindburst
Press: ? - help, Shift-Dir - straight line, f/p - boulder beetle
Aim: a boulder beetle (heavily wounded, confused, poisoned, ally target, chance to affect: 51%)
The boulder beetle's mind is blasted!
Your cerulean imp hits the boulder beetle but does no damage.
The boulder beetle barely misses your cerulean imp.
Aiming: Mindburst
Press: ? - help, Shift-Dir - straight line, f/p - boulder beetle
Aim: a boulder beetle (heavily wounded, confused, poisoned, ally target, chance to affect: 51%)
The boulder beetle's mind is blasted!!
You feel ready to blink again.
The boulder beetle seems less confused.
Your cerulean imp hits the boulder beetle but does no damage.
The boulder beetle curls into a ball and begins rolling!
Casting: Mephitic Cloud (dangerous; 3% risk of failure)
Confirm with . or Enter, or press ? or * to list all spells.
Aiming: Mephitic Cloud (dangerous; 3% risk of failure)
Press: ? - help, Shift-Dir - straight line, f/p - boulder beetle
Aim: a boulder beetle (almost dead, rolling, poisoned, ally target, chance to affect: 43%)
You miscast Mephitic Cloud.
You are very lightly contaminated with residual magic.
Nothing appears to happen.
Your cerulean imp hits the boulder beetle with a -2 spear.
The boulder beetle hits you!!!
Ouch! That really hurt!
You die...

#...# #......#......#
###.######.....#..>..#.
#.......#.###.#......#.
#.#.####.....###.....#.
#.#.## #...... ###.#..
#..5.# .....# .###.
#.°#○.# .....# ...#.#
#....B##.....# #...
#####.@<###.# #...
#.........# .#...
#####........# #....
............ ##...
............. #.###
###........... ....##
#........... ......
#......#...# ..#.
...........# ....


You could see a boulder beetle (rolling, poisoned, ally target) and a friendly
cerulean imp (summoned).

Vanquished Creatures
  A kobold demonologist (D:10)
  3 komodo dragons (D:8)
  2 trolls
  A wraith (D:9)
  10 yaks (D:8)
  A wyvern (D:10)
  A basilisk (D:8)
  2 steam dragons
  6 water moccasins
  An acid dragon (D:8)
  Duvessa (D:7)
  2 orc warriors
  An ice beast (D:6)
  4 black bears
  A sky beast (D:6)
  3 centaurs
  2 ogres
  A phantom (D:7)
  A kobold brigand (D:7)
  A bullfrog (D:6)
  2 scorpions (D:5)
  2 wights (D:8)
  Dowan (D:7)
  7 killer bees
  2 howler monkeys (D:10)
  2 electric eels (D:9)
  2 lava snakes (D:8)
  3 hounds
  A sleepcap (D:8)
  4 orc priests
  Crazy Yiuf (D:6)
  A gnoll bouda (D:5)
  4 iguanas
  9 orc wizards
  10 gnolls
  6 adders
  A white imp (D:8)
  2 ufetubi (D:5)
  A worm (D:3)
  2 dart slugs
  20 orcs
  9 bats
  5 endoplasms
  3 giant cockroaches
  7 goblins
  16 hobgoblins
  4 jackals (D:4)
  5 quokkas
  4 ball pythons
  4 frilled lizards
  14 kobolds
  8 rats
207 creatures vanquished.

Vanquished Creatures (collateral kills)
  A wraith (D:9)
  An ice beast (D:6)
  2 wights (D:8)
  2 killer bees
  A sleepcap (D:4)
7 creatures vanquished.

Vanquished Creatures (others)
  A wight (D:8)
1 creature vanquished.

Grand Total: 215 creatures vanquished

Notes
Turn   | Place    | Note
-------+----------+-------------------------------------------
     0 | D:1      | pokeman the Deep Elf Hedge Wizard began the quest for the
                  | Orb.
     0 | D:1      | Reached XP level 1. HP: 10/10 MP: 7/7
   240 | D:1      | Reached XP level 2. HP: 15/15 MP: 6/9
   673 | D:1      | Found a faded altar of an unknown god.
   912 | D:1      | Reached skill level 5 in Spellcasting
  1261 | D:2      | Reached XP level 3. HP: 20/20 MP: 6/11
  1265 | D:2      | Learned a level 3 spell: Mephitic Cloud
  1268 | D:2      | Learned a level 2 spell: Call Imp
  1271 | D:2      | Learned a level 2 spell: Blink
  1381 | D:2      | Reached skill level 1 in Armour
  1391 | D:2      | Reached skill level 1 in Fighting
  2060 | D:3      | Reached XP level 4. HP: 24/25 MP: 5/13
  2779 | D:3      | Noticed a black bear
  2790 | D:3      | Killed a black bear
  2791 | D:3      | Reached skill level 6 in Spellcasting
  2791 | D:3      | Reached XP level 5. HP: 19/29 MP: 8/15
  3287 | D:4      | Noticed a centaur
  3296 | D:4      | Killed a centaur
  3297 | D:4      | Reached XP level 6. HP: 34/34 MP: 11/17
  3411 | D:4      | Found a hazy altar of Hepliaklqana.
  3463 | D:4      | Reached skill level 1 in Air Magic
  3557 | D:4      | Reached skill level 1 in Evocations
  3683 | D:4      | Reached skill level 1 in Ice Magic
  3690 | D:4      | Reached skill level 1 in Earth Magic
  3919 | D:4      | Reached skill level 1 in Poison Magic
  4014 | D:4      | Found an ornate altar of the Wu Jian Council.
  4114 | D:4      | Reached skill level 7 in Spellcasting
  4235 | D:5      | Entered Level 5 of the Dungeon
  4252 | D:5      | Noticed a water moccasin
  4259 | D:5      | Reached XP level 7. HP: 38/38 MP: 10/19
  4384 | D:5      | Reached skill level 8 in Spellcasting
  4702 | D:5      | Identified the +4 ring mail of Kaciodd {+Blink rF+}
  5083 | D:5      | Reached XP level 8. HP: 44/44 MP: 14/22
  5245 | D:6      | Reached skill level 9 in Spellcasting
  5676 | D:6      | Reached skill level 5 in Conjurations
  6126 | D:6      | Reached skill level 10 in Spellcasting
  6195 | D:6      | Found a runed translucent door.
  6196 | D:6      | Noticed Crazy Yiuf
  6207 | D:6      | Killed Crazy Yiuf
  6488 | D:7      | Noticed Duvessa
  6496 | D:7      | Noticed Dowan
  6506 | D:7      | Killed Duvessa
  6507 | D:7      | Reached XP level 9. HP: 38/48 MP: 10/25
  6510 | D:7      | Killed Dowan
  6629 | D:7      | Found a staircase to the Ecumenical Temple.
  6638 | Temple   | Entered the Ecumenical Temple
  6675 | D:7      | Reached skill level 5 in Earth Magic
  6991 | D:7      | Reached skill level 11 in Spellcasting
  7000 | D:7      | Reached skill level 1 in Fire Magic
  7128 | D:7      | Found a blossoming altar of Fedhas.
  7411 | D:8      | Reached skill level 12 in Spellcasting
  7507 | D:8      | Found a transporter.
  7507 | D:8      | Found a transporter.
  7516 | D:8      | Noticed a moth of wrath
  7516 | D:8      | Noticed a two-headed ogre
  7518 | D:8      | Noticed GigaChad's ghost (novice HuFi)
  7519 | D:8      | Found a bloodstained altar of Trog.
  7611 | D:8      | Reached XP level 10. HP: 56/56 MP: 21/28
  7659 | D:8      | Identified the +1 mace "Xona" {heavy, rC+ Str+2}
  7830 | D:8      | Reached skill level 13 in Spellcasting
  7854 | D:8      | Found a sacrificial altar of Ru.
  7989 | D:8      | Found a burning altar of Makhleb.
  8129 | D:8      | Found an opulent altar of Gozag.
  8129 | D:8      | Found a radiant altar of Vehumet.
  8134 | D:8      | Became a worshipper of Vehumet
  8336 | D:8      | Found a white marble altar of Elyvilon.
  8643 | D:8      | Found a staircase to the Lair.
  8925 | D:9      | Reached skill level 5 in Fire Magic
  9313 | D:9      | Reached skill level 14 in Spellcasting
  9980 | D:10     | Entered Level 10 of the Dungeon
 10036 | D:10     | Noticed a boulder beetle
 10102 | D:10     | Found a staircase to the Orcish Mines.
 10179 | D:10     | Reached * piety under Vehumet
 10179 | D:10     | Offered knowledge of Sandblast by Vehumet.
 10257 | D:10     | Reached XP level 11. HP: 61/61 MP: 29/31
 10283 | D:10     | Reached skill level 1 in Shields
 10408 | D:10     | Found a sparkling altar of Nemelex Xobeh.
 10590 | D:10     | Mangled by a boulder beetle

Illustrated notes

Levels and vault maps discovered:
D:1:      evilmike_arrival_plus, layout_loops_ring,
          shapermc_ecumenical_altar_venn
D:2:      layout_basic, reono_crystal_passage
D:3:      layout_basic
D:4:      layout_gridville, nzn_wu_jian_contemplation,
          mainiacjoe_overflow_surrounded_room
D:5:      wander_river, layout_loops_cross, tgw_xom
D:6:      layout_loops_cross, nicolae_houndstooth_variations,
          uniq_crazy_yiuf_cottage
D:7:      layout_gridville, mainiacjoe_overflow_24_doors,
          minmay_temple_entry_mini_moons, uniq_duvessa
D:8:      layout_basic, lightli_temple_of_fire, general_overflow_altar,
          nicolae_ru_great_annihilating_truth, nicolae_overflow_two_pavilions,
          erik_lair_dragon, gammafunk_ghost_wrathful_warriors
D:9:      layout_rooms, serial_bayou, serial_bayou_ford_a,
          serial_bayou_crossing, serial_bayou_pond_a, serial_bayou_lake_a,
          serial_bayou_shore_a, serial_bayou_pond_d
D:10:     nicolae_BIG_FREAKIN_CUBE, layout_loops_ring,
          mainiacjoe_overflow_tiny_flanked, mainiacjoe_overflow_cross_hatched,
          enter_trove_5
Temple:   chequers_temple_sunken

Skill      XL: |  1  2  3  4  5  6  7  8  9 10 11 |
---------------+----------------------------------+-----
Spellcasting   | 5 6 7 8 10 12 14 | 14.4
Armour         | 1 2 3 4 |  4.0
Fighting       | 1 2 3 4 |  4.0
Conjurations   | 2 3 4 5 7 8 |  8.3
Dodging        | 3 |  3.2
Stealth        | 3 |  3.3
Air Magic      | 1 |  1.0
Evocations     | 1 |  1.0
Ice Magic      | 1 |  1.0
Earth Magic    | 1 3 4 5 |  5.0
Poison Magic   | 1 |  1.0
Fire Magic     | 3 5 |  5.7
Shields        | 1 |  1.0
Summonings     | |  1.1
Translocations | |  1.1

Action                     |  1- 3 |  4- 6 |  7- 9 | 10-12 || total
---------------------------+-------+-------+-------+-------++-------
  Melee: Dagger            |     4 |    57 |   130 |   130 ||   321
         Spear             |       |     6 |       |       ||     6
         Punch             |       |     2 |     2 |       ||     4
   Cast: Magic Dart        |   125 |   104 |   142 |   172 ||   543
         Mephitic Cloud    |       |     9 |    31 |    29 ||    69
         Call Imp          |       |     1 |     4 |    12 ||    17
         Blink             |       |     1 |     1 |     2 ||     4
  Evoke: Wand              |       |       |       |    14 ||    14
   Stab: Confused          |       |     5 |    21 |    10 ||    36
 Armour: Robe              |     7 |    38 |    69 |       ||   114
         Leather armour    |       |       |    36 |   134 ||   170
  Dodge: Dodged            |    12 |    45 |    96 |   121 ||   274

Table legend: (Time is in decaauts)
 A = Elapsed time spent in this place.
 B = Non-inter-level travel time spent in this place.
 C = Inter-level travel time spent in this place.
 D = Time resting spent in this place.
 E = Time spent auto-exploring this place.
 F = Levels seen in this place.
 G = Mean time per level.
                   A        B        C        D        E       F      G
               +--------+--------+--------+--------+--------+-----+--------+
         Total |  10692 |  10458 |    234 |    248 |   8441 |  11 |  972.0 |
       Dungeon |  10690 |  10456 |    234 |    248 |   8441 |  10 | 1069.0 |
        Temple |      1 |      1 |      0 |      0 |      0 |   1 |    1.0 |
               +--------+--------+--------+--------+--------+-----+--------+

Top non-repeatable levels by time:
     D:8: 1518 daAuts
     D:9: 1295 daAuts
     D:6: 1209 daAuts
     D:3: 1194 daAuts
     D:1: 1172 daAuts
     D:4: 1124 daAuts
     D:7: 901 daAuts
     D:2: 874 daAuts
     D:5: 822 daAuts
    D:10: 578 daAuts
  Temple: 1 daAuts
